 Dungeon Crawl Stone Soup version 0.27-a0-1188-g73eefd5def (webtiles) character file.

Game seed: 2616485755437726064

20 Kinoniko the Cutter (level 3, 23/23 HPs)
             Began as a Kobold Berserker on May 21, 2021.
             Was a Follower of Trog.
             Quit the game on level 3 of the Dungeon.
             The game lasted 00:02:25 (1728 turns).

Kinoniko the Cutter (Kobold Berserker)              Turns: 1728, Time: 00:02:25

Health: 23/23      AC:  6    Str: 15    XL:     3   Next: 0%
Magic:  3/3        EV: 13    Int:  8    God:    Trog [*.....]
Gold:   101        SH:  0    Dex: 14    Spells: 2/2 levels left

rFire    . . .     SeeInvis .   a - +1 short sword
rCold    . . .     Faith    .   (shield restricted)
rNeg     . . .     Spirit   .   j - +0 ring mail
rPois    .         Reflect  .   (no helmet)
rElec    .         Harm     .   (no cloak)
rCorr    .         Rampage  .   g - +0 pair of gloves
Will     .....                  (no boots)
Stlth    ++........             (no amulet)
HPRegen  0.07/turn              (no ring)
MPRegen  0.08/turn              (no ring)

@: no status effects
A: small, no large weapons, nightstalker 3
a: Renounce Religion, Berserk


You were on level 3 of the Dungeon.
You worshipped Trog.
Trog was aware of your devotion.
You visited 1 branch of the dungeon, and saw 3 of its levels.

You collected 101 gold pieces.

Inventory:

Hand Weapons
 a - a +1 short sword (weapon)
Armour
 b - a +0 animal skin
 g - a +0 pair of gloves (worn)
 j - a +0 ring mail (worn)
Scrolls
 d - a scroll of blinking
 e - a scroll of identify
 f - a scroll of silence
Potions
 c - a potion of curing {unknown}
 i - a potion of flight {unknown}
 k - 3 potions of heal wounds {unknown}


   Skills:
 + Level 3.4 Fighting
 * Level 4.9 Short Blades
 - Level 1.5 Armour
 - Level 2.4 Dodging
 - Level 1.1 Stealth


You had 2 spell levels left.
You didn't know any spells.
Your spell library was empty.

Dungeon Overview and Level Annotations

Branches:
Dungeon (3/15)

Altars:

Shops:
D:2 (


Innate Abilities, Weirdness & Mutations

You are small and have problems with some larger weapons.
You are completely attuned to the shadows.


Message History

Your +0 short sword glows red for a moment.
As you read the scroll labelled ODUNAN UR KAMAIR, it crumbles to dust.
You hear a loud clanging noise!
It was a scroll of noise.
You hear the slow rusting of a very distant drain.
You hear a shout! x2
As you read the scroll labelled DIEBOI XONEGU, it crumbles to dust.
It is a scroll of amnesia.
You feel forgetful for a moment.
k - 3 blue potions (gained 1)
You recover from your berserk rage.
e - a scroll of identify
Found a stone staircase leading down.
A goblin comes into view. It is wielding a +0 dagger.
The goblin shouts!
The goblin barely misses you.
You hit the goblin.
The goblin is moderately wounded.
The goblin misses you.
You hit the goblin.
The goblin is heavily wounded.
The goblin hits you but does no damage.
You hit the goblin.
You kill the goblin!
Trog accepts your kill.
You have reached level 3!
Your experience leads to an increase in your attributes!
Increase (S)trength, (I)ntelligence, or (D)exterity?
You feel stronger.
You hear the sound of rushing water.
There is an entrance to a sewer on this level.
Hurry and find it before the portal rusts away!
Welcome back, Kinoniko the Kobold Berserker.
Trog says: Kill them all!
Press ? for a list of commands and other information.
You hear the sound of rushing water.
There is an entrance to a sewer on this level.
Hurry and find it before the portal rusts away!
Welcome back, Kinoniko the Kobold Berserker.
Trog says: Kill them all!
Press ? for a list of commands and other information.
Are you sure you want to abandon this character and quit the game? (Confirm with "yes".)

#...##........#
#..####.####.####.
#..####.# #......
#.......# #....>.
#.####### #.#..##
#.# ######.#..#
####.#
.......#....
#....##
.......#..##
....@.#
............
###..).#
......†...<.
#....# ......†..<#
#....# ..........#
....##
........#..#
######..##.# .....
.. ##..... #.####.


There were no monsters in sight!

Vanquished Creatures
  A worm (D:2)
  A ball python (D:2)
  A bat (D:1)
  6 jackals
  A frilled lizard (D:1)
  2 goblins
  2 kobolds (D:2)
  2 rats (D:1)
16 creatures vanquished.

Notes
Turn   | Place    | Note
-------+----------+-------------------------------------------
     0 | D:1      | Kinoniko the Kobold Berserker began the quest for the Orb.
     0 | D:1      | Reached XP level 1. HP: 14/14 MP: 1/1
   185 | D:1      | Found a faded altar of an unknown god.
   917 | D:2      | Reached skill level 1 in Stealth
  1156 | D:2      | Found Gephu's Weapon Shop.
  1287 | D:2      | Reached XP level 2. HP: 16/19 MP: 2/2
  1728 | D:3      | Reached XP level 3. HP: 23/23 MP: 3/3
  1728 | D:3      | Quit the game

Illustrated notes

Levels and vault maps discovered:
D:1:      dpeg_arrival_erosion, layout_loops_ring,
          chequers_ecumenical_altar_simple_redux
D:2:      layout_loops_cross, serial_shops, shop, minmay_liquid_box
D:3:      layout_loops_cross, portal_sewer_entry_f, minmay_statues_item

Skill      XL: |  1 |
---------------+----+-----
Stealth        | 1 |  1.1
Fighting       | |  3.4
Short Blades   | |  4.9
Armour         | |  1.5
Dodging        | |  2.4

Action                   || total
-------------------------++-------
Melee: Short sword       ||    31
Invok: Berserk           ||     3
  Use: Scroll            ||     5
 Stab: Sleeping          ||     2
Armor: Ring mail         ||     7
Dodge: Dodged            ||    26

Table legend: (Time is in decaauts)
 A = Elapsed time spent in this place.
 B = Non-inter-level travel time spent in this place.
 C = Inter-level travel time spent in this place.
 D = Time resting spent in this place.
 E = Time spent auto-exploring this place.
 F = Levels seen in this place.
 G = Mean time per level.
                   A        B        C        D        E       F      G
               +--------+--------+--------+--------+--------+-----+--------+
         Total |   1749 |   1632 |    117 |    118 |   1417 |   3 |  583.0 |
       Dungeon |   1749 |   1632 |    117 |    118 |   1417 |   3 |  583.0 |
               +--------+--------+--------+--------+--------+-----+--------+

Top non-repeatable levels by time:
     D:1: 844 daAuts
     D:2: 814 daAuts
     D:3: 91 daAuts
